 Dungeon Crawl Stone Soup version 0.30-a0-462-gd5975efbca (webtiles) character file.

Game seed: 7203527471614602777

37 Ijustatesigmund the Conjurer (level 3, -2/25 HPs)
             Began as a Gnoll Conjurer on Dec 16, 2022.
             Slain by a goblin
             ... wielding a +0 club
             ... led by Robin
              (5 damage)
             ... on level 3 of the Dungeon.
             The game lasted 00:02:20 (1109 turns).

Ijustatesigmund the Conjurer (Gnoll Conjurer)       Turns: 1109, Time: 00:02:20

Health: -2/25      AC:  2    Str:  8    XL:     3   Next: 41%
Magic:  3/9        EV: 12    Int: 17    God:
Gold:   97         SH:  3    Dex: 10    Spells: 9/12 levels left

rFire   . . .      SeeInvis .    i - +2 short sword (venom)
rCold   . . .      Faith    .    m - +0 buckler
rNeg    . . .      Spirit   .    a - +0 robe
rPois   .          Reflect  .    (no helmet)
rElec   .          Harm     .    (no cloak)
rCorr   .          Rampage  .    (no gloves)
Will    .....                    (no boots)
Stlth   ++........               (no amulet)
HPRegen 0.24/turn                (no ring)
MPRegen 0.11/turn                (no ring)

@: no status effects
A: fangs 1, strong nose, distributed training
a: no special abilities


You were on level 3 of the Dungeon.
You visited 1 branch of the dungeon, and saw 3 of its levels.

You collected 97 gold pieces.

Inventory:

Hand Weapons
 c - a +0 trident
 i - a +2 short sword of venom (weapon)
Armour
 a - a +0 robe (worn)
 m - a +0 buckler (worn)
Scrolls
 d - a scroll of noise {unknown}
 f - a scroll of brand weapon {unknown}
 g - a scroll of fog {unknown}
 j - a scroll of teleportation {unknown}
 k - a scroll of enchant weapon {unknown}
 l - a scroll of enchant armour {unknown}
Potions
 b - a potion of magic
 e - a potion of haste
 h - a potion of ambrosia {unknown}


   Skills:
 + Level 0.8 Fighting
 + Level 0.8 Short Blades
 + Level 0.8 Long Blades
 + Level 0.8 Axes
 + Level 0.8 Maces & Flails
 + Level 0.8 Polearms
 + Level 0.8 Staves
 + Level 0.8 Ranged Weapons
 + Level 0.8 Throwing
 + Level 0.8 Armour
 + Level 4.5 Dodging
 + Level 4.1 Stealth
 + Level 0.8 Shields
 + Level 0.8 Unarmed Combat
 + Level 5.0 Spellcasting
 + Level 7.1 Conjurations
 + Level 0.5 Hexes
 + Level 0.5 Summonings
 + Level 0.5 Necromancy
 + Level 0.5 Translocations
 + Level 0.5 Transmutations
 + Level 0.5 Fire Magic
 + Level 0.5 Ice Magic
 + Level 0.5 Air Magic
 + Level 0.5 Earth Magic
 + Level 0.5 Poison Magic
 + Level 1.0 Invocations
 + Level 0.8 Evocations


You had 9 spell levels left.
You knew the following spells:

 Your Spells              Type           Power      Damage    Failure   Level
a - Magic Dart            Conj           100%       1d8       1%          1
b - Searing Ray           Conj           56%        2d6       1%          2

Your spell library contained the following spells:

 Spells                   Type           Power      Damage    Failure   Level
 Dazzling Flash           Conj/Hex       34%        N/A       12%         3
 Fulminant Prism          Conj/Hex       8%         3d6       36%         4
 Iskenderun's Mystic Bla  Conj/Tloc      17%        2d5       36%         4


Dungeon Overview and Level Annotations

Branches:
Dungeon (3/15)

Altars:

Annotations:
D:2 Terence
D:3 Robin


Innate Abilities, Weirdness & Mutations

You have very sharp teeth.
Your uncanny sense of smell can sniff out nearby items.
Your experience applies equally to all skills.


Message History

The hobgoblin hits you. The goblin barely misses you.
The hobgoblin closely misses you.
You closely miss the hobgoblin.
The hobgoblin is almost dead.
The hobgoblin misses you. You block the goblin's attack.
The hobgoblin misses you.
You hit the hobgoblin.
You kill the hobgoblin!
You block the hobgoblin's attack. The goblin closely misses you.
You hit Robin.
Robin is lightly wounded.
Robin misses you. You block the hobgoblin's attack.
A rat comes into view.
The goblin hits you with a +0 club.
You hit Robin.
Robin is poisoned.
Robin is moderately wounded.
Robin closely misses you. The goblin hits you with a +0 club.
The hobgoblin hits you.
You barely miss Robin.
Robin is moderately wounded.
Robin barely misses you. The hobgoblin closely misses you.
The goblin misses you.
A bat comes into view.
You hit Robin.
Robin looks as sick as possible!
Robin is severely wounded.
Robin hits you with a +0 dagger.
The hobgoblin hits you but does no damage.
The goblin misses you.
You are too injured to fight recklessly!
You are too injured to fight recklessly!
You hit the goblin.
The goblin is poisoned.
The goblin is moderately wounded.
Robin roars a battlecry!
The goblins go into a battle-frenzy!
The hobgoblin misses you. The goblin hits you with a +0 club.
* * * LOW HITPOINT WARNING * * *
Robin hits you with a +0 dagger.
* * * LOW HITPOINT WARNING * * *
The goblin hits you with a +0 club.
You die...

.#.. ∆ .#.## ... ...
. #.# ... #.########
.#..r#####.##†....#
#....wg@g....<....#
.....bg###.##........
......g #.##.....###
....... #.##.....#
....... #.########
....... #.# #......
..# ##..... ..#


You could see a worm, Robin (extremely poisoned), a hobgoblin (strong), 2
goblins, a bat and a rat.

Vanquished Creatures
  A dart slug (D:1)
  2 bats (D:1)
  2 endoplasms
  6 goblins
  6 hobgoblins
  4 kobolds
  2 quokkas (D:1)
  2 ball pythons (D:1)
  A frilled lizard (D:1)
  4 rats (D:1)
30 creatures vanquished.

Notes
Turn   | Place    | Note
-------+----------+-------------------------------------------
     0 | D:1      | Ijustatesigmund the Gnoll Conjurer began the quest for the
                  | Orb.
     0 | D:1      | Reached XP level 1. HP: 13/13 MP: 6/6
   254 | D:1      | Reached XP level 2. HP: 19/19 MP: 4/7
   257 | D:1      | Learned a level 2 spell: Searing Ray
   717 | D:1      | Reached skill level 5 in Spellcasting
   717 | D:1      | Reached XP level 3. HP: 25/25 MP: 5/9
   962 | D:2      | Noticed Terence
  1092 | D:3      | Reached skill level 1 in Invocations
  1096 | D:3      | Noticed Robin
  1109 | D:3      | Slain by a goblin

Illustrated notes

Levels and vault maps discovered:
D:1:      dpeg_arrival_solitude, layout_loops_ring
D:2:      layout_loops_cross, hellmonk_ecumenical_altar_inner_sanctum,
          kennysheep_jessica_study, uniq_terence
D:3:      layout_loops_cross, gammafunk_temple_overflow_pools,
          nicolae_overflow_hidden_temple, serial_shops,
          nicolae_shop_behind_doors, uniq_robin

Skill      XL: |  1  2  3 |
---------------+----------+-----
Spellcasting   | 5 |  5.0
Invocations    | 1 |  1.0
Fighting       | |  0.8
Short Blades   | |  0.8
Long Blades    | |  0.8
Axes           | |  0.8
Maces & Flails | |  0.8
Polearms       | |  0.8
Staves         | |  0.8
Ranged Weapons | |  0.8
Throwing       | |  0.8
Armour         | |  0.8
Dodging        | |  4.5
Stealth        | |  4.1
Shields        | |  0.8
Unarmed Combat | |  0.8
Conjurations   | |  7.1
Hexes          | |  0.5
Summonings     | |  0.5
Necromancy     | |  0.5
Translocations | |  0.5
Transmutations | |  0.5
Fire Magic     | |  0.5
Ice Magic      | |  0.5
Air Magic      | |  0.5
Earth Magic    | |  0.5
Poison Magic   | |  0.5
Evocations     | |  0.8

Action                   || total
-------------------------++-------
Melee: Trident           ||    15
       Bite              ||     1
       Short sword       ||    13
 Cast: Magic Dart        ||    39
       Searing Ray       ||     2
  Use: Potion            ||     3
 Stab: Sleeping          ||     1
Armor: Robe              ||     2
Dodge: Dodged            ||    33
Block: Buckler           ||     4

Table legend: (Time is in decaauts)
 A = Elapsed time spent in this place.
 B = Non-inter-level travel time spent in this place.
 C = Inter-level travel time spent in this place.
 D = Time resting spent in this place.
 E = Time spent auto-exploring this place.
 F = Levels seen in this place.
 G = Mean time per level.
                   A        B        C        D        E       F      G
               +--------+--------+--------+--------+--------+-----+--------+
         Total |   1091 |   1069 |     22 |     65 |    843 |   3 |  363.7 |
       Dungeon |   1091 |   1069 |     22 |     65 |    843 |   3 |  363.7 |
               +--------+--------+--------+--------+--------+-----+--------+

Top non-repeatable levels by time:
     D:1: 858 daAuts
     D:2: 138 daAuts
     D:3: 94 daAuts
